 Dungeon Crawl Stone Soup version 0.27-a0-488-g88baaf19db (webtiles) character file.

Game seed: 7040013764218603791

3834 Klosterheim the Spear-Bearer (level 9, 0/71 HPs)
             Began as a White Draconian Warper on Mar 1, 2021.
             Was a Follower of Qazlal.
             Slain by a sixfirhy (12 damage)
             ... summoned by a kobold demonologist
             ... on level 8 of the Dungeon.
             The game lasted 00:31:26 (12403 turns).

Klosterheim the Spear-Bearer (DrWr)                Turns: 12403, Time: 00:31:26

Health: 0/71       AC: 13    Str: 13    XL:     9   Next: 98%
Magic:  12/12      EV: 15    Int: 16    God:    Qazlal [*.....]
Gold:   311        SH:  2    Dex: 18    Spells: 7/12 levels left

rFire    . . .     SeeInvis .   r - +1 trident
rCold    + . .     Faith    .   (no shield)
rNeg     . . .     Spirit   .   (armour unavailable)
rPois    .         Reflect  .   (helmet restricted)
rElec    .         Harm     .   (no cloak)
rCorr    .         Rampage  .   (no gloves)
Will     .....                  q - +1 pair of boots
Stlth    +.........             (no amulet)
HPRegen  0.21/turn              i - +4 ring of protection
MPRegen  0.13/turn              z - +6 ring of dexterity

@: no status effects
A: breathe frost, unfitting armour, cold resistance 1, cold-blooded, AC +7
a: Breathe Frost, Renounce Religion


You were on level 8 of the Dungeon.
You worshipped Qazlal.
Qazlal was aware of your devotion.
You visited 2 branches of the dungeon, and saw 9 of its levels.

You collected 375 gold pieces.
You spent 64 gold pieces at shops.

Inventory:

Hand Weapons
 r - a +1 trident (weapon)
Missiles
 b - 15 boomerangs (quivered)
 d - 3 boomerangs of dispersal
 m - 235 stones
Armour
 o - a +1 kite shield
 q - a +1 pair of boots (worn)
Jewellery
 i - a +4 ring of protection (left hand)
 l - a ring of ice
 w - a ring of protection from fire
 z - a +6 ring of dexterity (right hand)
 C - a ring of resist corrosion
Wands
 c - a wand of flame (26)
 g - a wand of acid (9)
 k - a wand of digging (5)
Scrolls
 t - 2 scrolls of enchant armour
 v - a scroll of identify
 x - a scroll of fear
 y - a scroll of teleportation
 D - a scroll of fog {unknown}
Potions
 e - 3 potions of curing
 f - 4 potions of brilliance
 h - a potion of haste
 j - 3 potions of magic
 n - a potion of mutation {unknown}
 p - 2 potions of lignification
 s - a potion of heal wounds
 u - a potion of attraction {unknown}
 A - 2 potions of resistance {unknown}
 B - a potion of might


   Skills:
 + Level 3.8 Fighting
 + Level 12.1 Polearms
 - Level 1.0 Throwing
 - Level 5.0 Dodging
 - Level 2.0 Spellcasting
 - Level 3.0 Translocations
 - Level 5.0 Invocations


You had 7 spell levels left.
You knew the following spells:

 Your Spells              Type           Power        Failure   Level
a - Blink                 Tloc           N/A          9%          2
b - Gell's Gravitas       Tloc           5%           19%         3

Your spell library contained the following spells:

 Spells                   Type           Power        Failure   Level
 Lesser Beckoning         Tloc           5%           19%         3
 Teleport Other           Tloc           11%          19%         3
 Magic Dart               Conj           4%           21%         1
 Call Imp                 Summ           1%           30%         2
 Slow                     Hex            1%           30%         2
 Conjure Flame            Conj/Fire      1%           52%         3
 Mephitic Cloud           Conj/Pois/Air  1%           52%         3
 Manifold Assault         Tloc           11%          52%         4


Dungeon Overview and Level Annotations

Branches:
Dungeon (8/15)             Temple (1/1) D:4
   Lair: D:8-11

Altars:
Ashenzari
Gozag
Nemelex Xobeh
Okawaru
Qazlal
Ru
Yredelemnul
The Shining One

Shops:
D:8 :*(

Annotations:
D:4 2 transporters
D:6 2 transporters
D:8 Maggie


Innate Abilities, Weirdness & Mutations

You can breathe waves of freezing cold.
You can buffet flying creatures when you breathe cold.
Your icy white scales are hard. (AC +7)
You cannot fit into any form of body armour.
Your flesh is cold resistant. (rC+)
You are cold-blooded and may be slowed by cold attacks.


Message History

The kobold demonologist is lightly wounded.
The sixfirhy completely misses you. The sixfirhy closely misses you.
The kobold demonologist casts a spell.
You hit the kobold demonologist but do no damage.
The kobold demonologist is lightly wounded.
The sixfirhy hits you. The sixfirhy shocks you! The sixfirhy barely misses you.
You block the sixfirhy's attack.
You closely miss the kobold demonologist.
Your tail-slap misses the kobold demonologist.
The kobold demonologist is lightly wounded.
The sixfirhy barely misses you. The sixfirhy closely misses you.
The red devil misses you.
The sixfirhy hits you but does no damage.
The kobold demonologist closely misses you.
You hit the kobold demonologist.
The kobold demonologist is moderately wounded.
The kobold demonologist gestures wildly while chanting.
The red devil hits you from afar with a +0 trident.
You miss the kobold demonologist.
The kobold demonologist is moderately wounded.
You hit the kobold demonologist.
The kobold demonologist is moderately wounded.
The kobold demonologist hits you but does no damage.
The red devil hits you from afar with a +0 trident!
You miss the kobold demonologist.
The kobold demonologist is moderately wounded.
The sixfirhy closely misses you.
The kobold demonologist hits you with a +0 dagger.
The red devil hits you from afar with a +0 trident.
The sixfirhy hits you! The sixfirhy shocks you!
* * * LOW HITPOINT WARNING * * *
Blink to where?
Press: ? - help, Dir - move target, p - kobold demonologist
As you read the scroll of blinking, it crumbles to dust.
The sixfirhy completely misses you.
The sixfirhy hits you but does no damage.
The sixfirhy hits you.
* * * LOW HITPOINT WARNING * * *
The sixfirhy shocks you!
You die...

##............##.....##..# #
.......#......#.......#..# ##
##..##.#=###..#.......#..# #.
#..##.#.###......_.....<# #.
#..##.#......#.......#..#######.
#......<.....#.......#..........
##......###...##.....##.####.....
...........∩..####.####..........
.##.....#####...@3......####.####
.........# ########...## #.# #
.##.....## #..## #.# # ##....#
#..# #.# ##.#.# #..######.# ###.#
#(...>.##.# #.# #.############
#.# #K# #... #.# #§# .####


You could see a sixfirhy (summoned).

Vanquished Creatures
  Harold (D:7)
  Pikel (D:5)
  Grinder (D:4)
  Sigmund (D:2)
  A water moccasin (D:7)
  An orc warrior (D:7)
  3 sky beasts
  3 centaurs
  4 lemures (D:5)
  A phantom (D:5)
  A bullfrog (D:7)
  2 scorpions
  9 killer bees
  4 wights
  A bullfrog zombie (D:6)
  A centaur skeleton (D:5)
  4 hounds
  3 orc priests
  A bullfrog skeleton (D:6)
  Ijyb (D:5)
  2 iguanas
  3 orc wizards
  5 worker ants
  A hound skeleton (D:4)
  12 adders
  A gnoll (D:1)
  A white imp (D:5)
  3 ufetubi (D:5)
  An adder zombie (D:7)
  2 adder skeletons (D:5)
  2 dart slugs
  5 leopard geckos
  15 orcs
  5 giant cockroaches
  5 goblins
  7 hobgoblins
  4 jackals (D:3)
  A quokka (D:2)
  8 bats
  6 kobolds
  A quokka zombie (D:5)
  6 rats
140 creatures vanquished.

Notes
Turn   | Place    | Note
-------+----------+-------------------------------------------
     0 | D:1      | Klosterheim the Draconian Warper began the quest for the
                  | Orb.
     0 | D:1      | Reached XP level 1. HP: 17/17 MP: 3/3
    81 | D:1      | Reached skill level 1 in Throwing
   141 | D:1      | Reached XP level 2. HP: 23/25 MP: 5/5
   486 | D:1      | Learned a level 2 spell: Blink
  1311 | D:2      | Found a basalt altar of Yredelemnul.
  1389 | D:2      | Reached XP level 3. HP: 30/30 MP: 6/6
  1731 | D:2      | Found a faded altar of an unknown god.
  1784 | D:2      | Noticed Sigmund
  2069 | D:3      | Reached skill level 3 in Polearms
  2109 | D:3      | Reached XP level 4. HP: 26/38 MP: 7/7
  3130 | D:3      | Reached skill level 4 in Polearms
  3717 | D:3      | Reached XP level 5. HP: 45/45 MP: 8/8
  4161 | D:4      | Reached skill level 5 in Polearms
  4477 | D:4      | Noticed Grinder
  4623 | D:5      | Entered Level 5 of the Dungeon
  4662 | D:5      | Noticed a centaur
  4687 | D:5      | Killed a centaur
  4688 | D:5      | Reached skill level 6 in Polearms
  4688 | D:5      | Reached XP level 6. HP: 37/51 MP: 9/9
  5116 | D:5      | Found an iron altar of Okawaru.
  5445 | D:5      | Learned a level 3 spell: Gell's Gravitas
  5454 | D:5      | Noticed Ijyb
  5487 | D:5      | Killed Ijyb
  5638 | D:5      | Found a stormy altar of Qazlal.
  5671 | D:5      | Reached skill level 7 in Polearms
  5671 | D:5      | Your scales start taking on an icy white colour.
  5671 | D:5      | Reached XP level 7. HP: 34/57 MP: 10/10
  5671 | D:5      | Gained mutation: Your flesh is cold resistant. (rC+) [White
                  | Draconian growth]
  5811 | D:5      | Noticed an air elemental
  5953 | D:5      | Found a stormy altar of Qazlal.
  5956 | D:5      | Noticed a fire elemental
  5956 | D:5      | Noticed a water elemental
  6436 | D:5      | Became a worshipper of Qazlal Stormbringer
  6806 | D:6      | Noticed Pikel
  6871 | D:5      | Killed Pikel
  6872 | D:5      | Reached skill level 9 in Polearms
  6872 | D:5      | Reached XP level 8. HP: 27/63 MP: 9/11
  7128 | D:6      | Noticed a kobold demonologist
  7129 | D:6      | Found a transporter.
  7392 | D:6      | Found a transporter.
  7780 | D:4      | Paralysed by Grinder for 3 turns
  7802 | D:4      | Paralysed by Grinder for 3 turns
  7823 | D:4      | Killed Grinder
  7824 | D:4      | Reached skill level 10 in Polearms
  8018 | D:4      | Found a glowing golden altar of the Shining One.
  8020 | D:4      | Noticed a troll
  8060 | D:4      | Found a staircase to the Ecumenical Temple.
  8301 | D:4      | Found a transporter.
  8305 | D:4      | Found a transporter.
  8576 | Temple   | Entered the Ecumenical Temple
  8980 | D:2      | Killed Sigmund
  8981 | D:2      | Reached skill level 1 in Invocations
  9772 | D:6      | Reached XP level 9. HP: 49/69 MP: 12/12
  9908 | D:6      | Noticed a kobold demonologist
  9966 | D:6      | Found a sparkling altar of Nemelex Xobeh.
 10309 | D:7      | Reached * piety under Qazlal
 10582 | D:7      | Noticed Harold
 10614 | D:7      | Killed Harold
 10615 | D:7      | Reached skill level 11 in Polearms
 10615 | D:7      | Reached skill level 5 in Dodging
 10615 | D:7      | Reached skill level 5 in Invocations
 11067 | D:7      | Found a broken altar of Ashenzari.
 11082 | D:7      | Reached skill level 12 in Polearms
 11337 | D:7      | Found a sparkling altar of Nemelex Xobeh.
 11502 | D:8      | Found a sacrificial altar of Ru.
 11945 | D:8      | Found Pyovigos's General Store.
 11952 | D:8      | Bought a potion of might for 64 gold pieces
 12057 | D:8      | Found an opulent altar of Gozag.
 12101 | D:8      | Found Sisoidea's Book Boutique.
 12341 | D:8      | Found Focif's Antique Weapon Shop.
 12384 | D:8      | Noticed a kobold demonologist
 12387 | D:8      | Noticed Maggie
 12389 | D:8      | Noticed a red devil
 12392 | D:8      | Noticed a sixfirhy
 12403 | D:8      | Slain by a sixfirhy

Illustrated notes

Levels and vault maps discovered:
D:1:      lightli_arrival_farm, layout_basic
D:2:      layout_basic, yredelemnul_altar_generic,
          chequers_ecumenical_altar_simple_redux, uniq_sigmund
D:3:      layout_basic
D:4:      layout_basic, gammafunk_temple_overflow_arena,
          minmay_temple_entry_enclosed_plants, uniq_grinder
D:5:      layout_loops_ring, kennysheep_little_box, kennysheep_okawaru_gauntlet,
          nicolae_qazlal_style_of_elements, uniq_ijyb
D:6:      gammafunk_wand_slinger, layout_rooms, general_overflow_altar,
          serial_curves, eino_curves_04, eino_curves_04, eino_curves_02,
          eino_curves_04, chequers_serial_rivers_room_a,
          kennysheep_generic_room_6, uniq_pikel
D:7:      layout_basic, overflow_temple_1_default, nemelex_lonely_heart_becter,
          uniq_harold
D:8:      kennysheep_seaside_town, layout_loops_ring, old_standard_altar,
          special_room [special_room_kobold], serial_shops, shop, shop,
          nicolae_shop_crystal, nicolae_gozag_cash_rules_everything_around_me,
          uniq_maggie
Temple:   regret_index_temple_generic_petals

Skill      XL: |  1  2  3  4  5  6  7  8  9 |
---------------+----------------------------+-----
Throwing       | 1 |  1.0
Fighting       | 3 |  3.8
Dodging        | 3 4 5 |  5.0
Polearms       | 3 4 6 7 9 10 12 | 12.1
Invocations    | 3 5 |  5.0
Spellcasting   | |  2.0
Translocations | |  3.0

Action                   |  1- 3 |  4- 6 |  7- 9 || total
-------------------------+-------+-------+-------++-------
Melee: Spear             |   188 |   346 |   288 ||   822
       Tailslap          |    14 |    41 |    68 ||   123
       Trident           |       |       |   354 ||   354
Throw: Boomerang         |     2 |       |     6 ||     8
       Stone             |       |    24 |       ||    24
 Cast: Blink             |     3 |       |     2 ||     5
       Gell's Gravitas   |       |     1 |     4 ||     5
 Abil: Breathe Frost     |       |       |     6 ||     6
  Use: Scroll            |     4 |     3 |     8 ||    15
       Potion            |       |       |     1 ||     1
 Stab: Sleeping          |       |     1 |     3 ||     4
Armor: Skin              |    67 |   100 |   189 ||   356
Dodge: Dodged            |   121 |   200 |   283 ||   604
Block: Other             |       |       |    11 ||    11

Table legend: (Time is in decaauts)
 A = Elapsed time spent in this place.
 B = Non-inter-level travel time spent in this place.
 C = Inter-level travel time spent in this place.
 D = Time resting spent in this place.
 E = Time spent auto-exploring this place.
 F = Levels seen in this place.
 G = Mean time per level.
                   A        B        C        D        E       F      G
               +--------+--------+--------+--------+--------+-----+--------+
         Total |  12197 |  11570 |    627 |   4497 |   5047 |   9 | 1355.2 |
       Dungeon |  12195 |  11568 |    627 |   4497 |   5047 |   8 | 1524.4 |
        Temple |      1 |      1 |      0 |      0 |      0 |   1 |    1.0 |
               +--------+--------+--------+--------+--------+-----+--------+

Top non-repeatable levels by time:
     D:5: 2903 daAuts
     D:3: 1737 daAuts
     D:2: 1629 daAuts
     D:7: 1436 daAuts
     D:4: 1359 daAuts
     D:1: 1260 daAuts
     D:6: 1199 daAuts
     D:8: 667 daAuts
  Temple: 1 daAuts
